 Dungeon Crawl Stone Soup version 0.19.1 (webtiles) character file.

23 Gargoyl the Skirmisher (level 3, 7/33 HPs)
             Began as a Ghoul Abyssal Knight on Dec 12, 2016.
             Was a Follower of Lugonu.
             Quit the game on level 1 of the Dungeon.
             The game lasted 00:01:08 (349 turns).

Gargoyl the Skirmisher (Ghoul Abyssal Knight)        Turns: 349, Time: 00:01:08

Health: 7/33       AC:  4    Str: 16    XL:     3   Next: 0%
Magic:  3/3        EV: 11    Int:  7    God:    Lugonu [*.....]
Gold:   26         SH:  0    Dex:  8    Spells: 0 memorised, 2 levels left

rFire  . . .     SeeInvis .     a - +1 hand axe
rCold  + . .     Gourm    .     b - +0 leather armour
rNeg   + + +     Faith    .     (no shield)
rPois  ∞         Spirit   .     (no helmet)
rElec  .         Reflect  .     f - +0 cloak
rCorr  .         Harm     .     (no gloves)
MR     .....                    (no boots)
Stlth  +.........               (no amulet)
                                (no ring)
                                (no ring)

@: rotting
A: rotting body, claws 1, carnivore 3, cold resistance 1, negative energy
resistance 3, slow regeneration 1, torment resistance, unbreathing
a: Depart the Abyss, Renounce Religion


You were on level 1 of the Dungeon.
You worshipped Lugonu.
Lugonu was aware of your devotion.
You were not hungry.

You visited 1 branch of the dungeon, and saw 1 of its levels.
You visited the Abyss 1 time.

You collected 26 gold pieces.

Inventory:

Hand Weapons
 a - a +1 hand axe (weapon)
Armour
 b - a +0 leather armour (worn)
 f - a +0 cloak (worn)
Scrolls
 d - a scroll of remove curse {unknown}
 e - a scroll of enchant armour {unknown}
 g - a scroll of enchant weapon {unknown}
 h - a scroll of identify {unknown}
Comestibles
 c - a meat ration
 i - a chunk of flesh


   Skills:
 + Level 4.0 Fighting
 + Level 2.0 Axes
 * Level 2.0 Armour
 + Level 0.8 Dodging
 * Level 2.2 Invocations


You had 2 spell levels left.
You didn't know any spells.

Dungeon Overview and Level Annotations

Branches:
Dungeon (1/15)

Altars:


Innate Abilities, Weirdness & Mutations

Your body is rotting away.
You thrive on raw meat.
You are immune to poison.
You have sharp fingernails.
You are carnivorous and can eat meat at any time.
Your flesh is cold resistant. (rC+)
You are immune to negative energy. (rN+++)
You regenerate slowly when monsters are visible.
You are immune to unholy pain and torment.
You can survive without breathing.


Message History

Unknown command.
You hit the hobgoblin.
You kill the hobgoblin!
Lugonu accepts your kill. The bat hits you.
* * * LOW HITPOINT WARNING * * *
The bat hits you.
* * * LOW HITPOINT WARNING * * *
The bat closely misses you.
Items here: )) ††† a club x2; a hobgoblin corpse; a jackal corpse x2
You hit the bat but do no damage. The bat hits you but does no damage.
You hit the bat.
You kill the bat!
Lugonu accepts your kill.
You have reached level 3!
Your experience leads to an increase in your attributes!
Increase (S)trength, (I)ntelligence, or (D)exterity?
You feel stronger.
Are you sure you want to abandon this character and quit the game? (Confirm with "yes".)

... ..####### #.# #...#.##
... ..#....# #.# #.#.#.##
.###g##.#.##.# #.#####.#...##
........#.##.###.......######
....#.h.........######## #
#[.......##.#### #
...##.....##.# # #.....##.# #
#...g..#@# ###+##.#.#
#.......# ####.#### #. .. .#.
h#. # #. ### ###


There were no monsters in sight!

Vanquished Creatures
  3 bats (D:1)
  2 giant cockroaches (D:1)
  3 goblins (D:1)
  2 hobgoblins (D:1)
  6 jackals (D:1)
  A kobold (D:1)
  2 frilled lizards (D:1)
19 creatures vanquished.

Vanquished Creatures (others)
  2 starspawn tentacles (Abyss:1)
2 creatures vanquished.

Grand Total: 21 creatures vanquished

Notes
Turn   | Place    | Note
-------+----------+-------------------------------------------
     0 | Abyss:1  | Gargoyl the Ghoul Abyssal Knight began the quest for the Orb.
     0 | Abyss:1  | Reached XP level 1. HP: 19/19 MP: 1/1
   104 | Abyss:1  | Noticed a large abomination
   104 | Abyss:1  | Noticed a tentacled starspawn
   106 | Abyss:1  | Noticed an ancient zyme
   106 | Abyss:1  | Noticed a smoke demon
   107 | D:1      | Escaped the Abyss
   236 | D:1      | Reached XP level 2. HP: 25/27 MP: 2/2
   317 | D:1      | Reached * piety under Lugonu
   317 | D:1      | Reached skill level 4 in Fighting
   348 | D:1      | Reached XP level 3. HP: 7/33 MP: 3/3
   349 | D:1      | Quit the game

Skill      XL: |  1  2 |
---------------+-------+-----
Fighting       | 4 |  4.0
Axes           | 2 |  2.0
Armour         | 2 |  2.0
Dodging        | |  0.8
Invocations    | |  2.2

Action                   || total
-------------------------++-------
Melee: Hand axe          ||    69
Invok: Depart the Abyss  ||     1
  Eat: Chunk             ||     2
Armor: Leather armour    ||    30
Dodge: Dodged            ||    59
